 Dungeon Crawl Stone Soup version 0.27-a0-417-g317cea8a3c (webtiles) character file.

Game seed: 14780114345935301818

1178 dolemite99 the Chopper (level 8, 0/70 HPs)
             Began as a Minotaur Abyssal Knight on Feb 26, 2021.
             Was a Priest of Lugonu.
             Slain by Grinder (3 damage)
             ... while paralysed by Grinder
             ... on level 5 of the Dungeon.
             The game lasted 00:07:13 (6217 turns).

dolemite99 the Chopper (Minotaur Abyssal Knight)    Turns: 6217, Time: 00:07:13

Health: 0/70       AC: 11    Str: 20    XL:     8   Next: 18%
Magic:  12/12      EV:  2    Int:  9    God:    Lugonu [***...]
Gold:   278        SH:  0    Dex:  9    Spells: 7/7 levels left

rFire    . . .     SeeInvis .   a - +2 war axe (flame)
rCold    . . .     Faith    .   (no shield)
rNeg     . . .     Spirit   .   d - +0 chain mail
rPois    .         Reflect  .   (helmet restricted)
rElec    .         Harm     .   t - +0 cloak
rCorr    .         Rampage  .   (no gloves)
Will     .....                  m - +0 pair of boots
Stlth    ..........             (no amulet)
HPRegen  0.21/turn              (no ring)
MPRegen  0.13/turn              (no ring)

@: paralysed
A: retaliatory headbutt, horns 2
a: Renounce Religion, Depart the Abyss, Bend Space, Banish


You were on level 5 of the Dungeon.
You worshipped Lugonu.
Lugonu was most pleased with you.
You visited 1 branch of the dungeon, and saw 5 of its levels.
You visited the Abyss 1 time.

You collected 278 gold pieces.

Inventory:

Hand Weapons
 a - a +2 war axe of flaming (weapon)
Missiles
 e - 17 bolts
 h - 193 stones (quivered)
 p - 9 arrows
Armour
 d - a +0 chain mail (worn)
 f - a scarf of invisibility
 m - a +0 pair of boots (worn)
 o - a scarf of resistance
 t - a +0 cloak (worn)
 u - a +0 leather armour
Wands
 x - a wand of mindburst (10)
Scrolls
 g - a scroll of enchant armour {unknown}
 i - 5 scrolls of identify {@r1}
 j - a scroll of blinking {unknown}
 k - 2 scrolls of fear {unknown}
 l - 2 scrolls of teleportation {unknown}
 q - a scroll of fog {unknown}
 s - a scroll of immolation {unknown}
 y - a scroll of random uselessness {unknown}
Potions
 b - a potion of degeneration {unknown}
 c - a potion of attraction
 n - a potion of curing {unknown}
 r - a potion of brilliance {unknown}
 v - 2 potions of heal wounds {unknown}
 w - a potion of resistance {unknown}


   Skills:
 + Level 6.0 Fighting
 - Level 7.2 Axes
 + Level 3.2 Armour
 - Level 1.1 Dodging
 - Level 6.7 Invocations


You had 7 spell levels left.
You didn't know any spells.
Your spell library was empty.

Dungeon Overview and Level Annotations

Branches:
Dungeon (5/15)
 Temple: D:4-7

Altars:
Fedhas
Makhleb
Qazlal
Yredelemnul

Annotations:
D:5 Grinder


Innate Abilities, Weirdness & Mutations

You reflexively headbutt those who attack you in melee.
You have a pair of horns on your head.


Message History

HP restored.
Things that are here:
a +0 spear; a gnoll corpse
Things that are here:
a +3 whip; a gnoll corpse
Things that are here:
a +0 whip; a +0 robe; a gnoll corpse Grinder comes into view.
Grinder is nearby!
Grinder blinks!
You start waiting.
Grinder is nearby!
You closely miss Grinder. Your headbutt misses Grinder. Grinder hits you.
Grinder gestures at you. Pain shoots through your body!
You closely miss Grinder. Grinder hits you.
You barely miss Grinder. Grinder gestures at you.
Pain shoots through your body!
You hit Grinder but do no damage. Grinder hits you!
You writhe in agony.
You slash Grinder! You burn Grinder. Your headbutt misses Grinder.
Grinder is heavily wounded.
Grinder hits you but does no damage.
You slash Grinder! You burn Grinder.
Grinder is severely wounded.
Grinder gestures at you.
You suddenly lose the ability to move!
Grinder gestures at you. Pain shoots through your body!
* * * LOW HITPOINT WARNING * * *
Grinder hits you.
* * * LOW HITPOINT WARNING * * *
You writhe in agony.
* * * LOW HITPOINT WARNING * * *
Grinder hits you.
* * * LOW HITPOINT WARNING * * *
You writhe in agony.
* * * LOW HITPOINT WARNING * * *
Grinder hits you.
You die...

#.. ##....#.........
#.# #...###........
##.# #...# #........
#..# #...# ##.......
##..## ##...# #....##.
###....## #....#
#...#..#
##...#...###....#
#...###.#
#.#####...#.....##...#
##. ###
##.5@.........## #..
###...........###...
#................#
##...............#
#...#...........#
#...##..........#
##..###..........# #
#...# ##.........#
..####..## ##........#


You could see Grinder.

Vanquished Creatures
  Pikel (D:3)
  Duvessa (D:4)
  An ogre (D:4)
  A lemure (D:3)
  Dowan (D:4)
  2 hounds
  A gnoll shaman (D:5)
  3 iguanas
  A centaur skeleton (D:5)
  3 orc wizards
  2 worker ants (D:4)
  3 gnolls (D:5)
  7 adders
  A white imp (D:5)
  2 adder skeletons
  A worm (D:4)
  A dart slug (D:3)
  15 orcs
  10 bats
  3 giant cockroaches
  5 goblins
  8 hobgoblins
  4 jackals
  2 quokkas (D:3)
  2 ball pythons (D:3)
  9 frilled lizards
  6 kobolds
  2 leopard gecko skeletons
  5 rats
103 creatures vanquished.

Notes
Turn   | Place    | Note
-------+----------+-------------------------------------------
     0 | Abyss:1  | dolemite99 the Minotaur Abyssal Knight began the quest for
                  | the Orb.
     0 | Abyss:1  | Reached XP level 1. HP: 19/19 MP: 1/1
    14 | D:1      | Escaped the Abyss
   141 | D:1      | Reached skill level 3 in Axes
   424 | D:1      | Reached XP level 2. HP: 26/26 MP: 2/2
   579 | D:1      | Reached ** piety under Lugonu
   664 | D:1      | You fall into a shaft and drop 1 floor!
   669 | D:2      | Reached skill level 4 in Axes
   693 | D:2      | Reached XP level 3. HP: 17/31 MP: 3/3
  1301 | D:2      | Reached skill level 5 in Axes
  1353 | D:2      | Reached XP level 4. HP: 39/39 MP: 4/4
  1695 | D:2      | Reached skill level 6 in Axes
  2013 | D:3      | Reached XP level 5. HP: 40/45 MP: 5/5
  2488 | D:3      | Reached *** piety under Lugonu
  2889 | D:3      | Found a basalt altar of Yredelemnul.
  3132 | D:3      | Reached skill level 7 in Axes
  3688 | D:4      | Reached XP level 6. HP: 44/51 MP: 5/7
  3817 | D:4      | Noticed Pikel
  3855 | D:3      | Killed Pikel
  3856 | D:3      | Reached XP level 7. HP: 43/57 MP: 7/10
  4266 | D:4      | Found a burning altar of Makhleb.
  4951 | D:5      | Entered Level 5 of the Dungeon
  5000 | D:5      | Found a blossoming altar of Fedhas.
  5048 | D:5      | Noticed Dowan
  5050 | D:5      | Noticed Duvessa
  5172 | D:4      | Killed Duvessa
  5175 | D:4      | Killed Dowan
  5176 | D:4      | Reached skill level 5 in Fighting
  5176 | D:4      | Reached XP level 8. HP: 42/68 MP: 12/12
  5639 | D:5      | Found a stormy altar of Qazlal.
  6189 | D:5      | Noticed Grinder
  6213 | D:5      | Paralysed by Grinder for 5 turns
  6216 | D:5      | HP: 2/70 [Grinder (6)]
  6217 | D:5      | Slain by Grinder

Illustrated notes

Levels and vault maps discovered:
D:1:      minmay_arrival_radiant_lines, layout_basic
D:2:      layout_basic, lemuel_zombie_altar_kikubaaqudgha, lemuel_another_geyser
D:3:      layout_loops_ring, general_overflow_altar
D:4:      layout_layer_cave, lemuel_round_altar, uniq_pikel
D:5:      layout_layer_cave, overflow_temple_1_default, fedhas_altar_4,
          uniq_grinder, uniq_duvessa

Skill      XL: |  1  2  3  4  5  6  7  8 |
---------------+-------------------------+-----
Axes           | 3 4 5 6 7 |  7.2
Invocations    | 2 6 |  6.7
Fighting       | 5 6 |  6.0
Armour         | 3 |  3.2
Dodging        | |  1.1

Action                   |  1- 3 |  4- 6 |  7- 9 || total
-------------------------+-------+-------+-------++-------
Melee: Hand axe          |    80 |   142 |    23 ||   245
       Headbutt          |     8 |    19 |    12 ||    39
       War axe           |       |       |    77 ||    77
Throw: Throwing net      |       |       |     1 ||     1
       Stone             |       |       |     1 ||     1
  Use: Scroll            |       |       |     3 ||     3
 Stab: Held in net/web   |       |       |     2 ||     2
Armor: Chain mail        |    52 |    84 |    58 ||   194
       Leather armour    |     2 |       |       ||     2
Dodge: Dodged            |    38 |    52 |    32 ||   122

Table legend: (Time is in decaauts)
 A = Elapsed time spent in this place.
 B = Non-inter-level travel time spent in this place.
 C = Inter-level travel time spent in this place.
 D = Time resting spent in this place.
 E = Time spent auto-exploring this place.
 F = Levels seen in this place.
 G = Mean time per level.
                   A        B        C        D        E       F      G
               +--------+--------+--------+--------+--------+-----+--------+
         Total |   6242 |   5754 |    488 |   2008 |   2674 |   6 | 1040.3 |
       Dungeon |   6228 |   5740 |    488 |   2008 |   2674 |   5 | 1245.6 |
         Abyss |     14 |     14 |      0 |      0 |      0 |   1 |   14.0 |
               +--------+--------+--------+--------+--------+-----+--------+

Top non-repeatable levels by time:
     D:4: 2059 daAuts
     D:1: 1271 daAuts
     D:3: 1176 daAuts
     D:2: 878 daAuts
     D:5: 841 daAuts
 Abyss:1: 14 daAuts
